 Dungeon Crawl Stone Soup version 0.30-a0-651-g0755cc6dcf (webtiles) character file.

Game seed: 15071087697392479896

238 Alitron123 the Magician (level 6, -2/40 HPs)
             Began as a Djinni Fire Elementalist on Jan 18, 2023.
             Slain by Duvessa
             ... wielding a +3 short sword of speed
              (8 damage)
             ... on level 4 of the Dungeon.
             The game lasted 00:06:10 (2314 turns).

Alitron123 the Magician (Djinni Fire Elementalist)  Turns: 2314, Time: 00:06:10

Health: -2/40      AC:  2    Str:  7    XL:     6   Next: 28%
Gold:   197        EV: 12    Int: 18    God:
                   SH:  0    Dex: 14

rFire   + + .      SeeInvis .    e - +1 spear (venom)
rCold   x . .      Faith    .    (no shield)
rNeg    . . .      Spirit   .    a - +0 robe
rPois   ∞          Reflect  .    (no helmet)
rElec   .          Harm     .    (no cloak)
rCorr   .          Rampage  .    (no gloves)
Will    .....                    (boots unavailable)
Stlth   ++                       (no amulet)
HPRegen 0.26/turn                (no ring)
MPRegen 0.00/turn                (no ring)

@: flying
A: sickness immunity, fire resistance 2, cold vulnerability 1, float, innate
caster, HP casting, extra vitality 1
a: no special abilities


You were on level 4 of the Dungeon.
You visited 1 branch of the dungeon, and saw 4 of its levels.

You collected 197 gold pieces.

Inventory:

Hand Weapons
 e - a +1 spear of venom (weapon)
Armour
 a - a +0 robe (worn)
 j - a scarf of harm
Scrolls
 c - 2 scrolls of identify {unknown}
 d - a scroll of silence {unknown}
 f - a scroll of poison
Potions
 b - 2 potions of magic
 g - a potion of mutation {unknown}


   Skills:
 + Level 0.1 Fighting
 + Level 2.5 Dodging
 + Level 2.4 Stealth
 + Level 4.4 Spellcasting
 + Level 1.7 Evocations


You couldn't memorise any spells.
You knew the following spells:

 Your Spells              Type           Power      Damage    Failure   Level
a - Foxfire               Conj/Fire      80%        2x1d8     2%          1
b - Scorch                Fire           40%        2d7       3%          2
c - Kindle Blastsparks    Fire/Tloc/Air  40%        2d13      7%          3
d - Inner Flame           Hex/Fire       20%        N/A       7%          3
e - Flame Wave            Conj/Fire      20%        2d7       22%         4
f - Necrotise             Necr           80%        1d8       2%          1
g - Ensorcelled Hibernat  Hex/Ice        40%        N/A       3%          2
Your spell library was empty.

Dungeon Overview and Level Annotations

Branches:
Dungeon (4/15)
 Temple: D:4-7

Altars:
Ashenzari
Dithmenos
Nemelex Xobeh

Shops:
D:2 *

Annotations:
D:4 Duvessa


Innate Abilities, Weirdness & Mutations

You are immune to sickness and miasma.
You are immune to poison.
Your flesh is very heat resistant. (rF++)
You are vulnerable to cold. (rC-)
You float through the air rather than walking.
You learn spells naturally, not from books.
Your magical power is your life essence.
You have superior vitality. (+4 MHP)


Message History

Casting: Foxfire (safe; 2% risk of failure)
Confirm with . or Enter, or press ? or * to list all spells.
Flames lash Duvessa.
Duvessa is moderately wounded.
Duvessa's fire resistance burns away.
Casting: Scorch (safe; 3% risk of failure)
Confirm with . or Enter, or press ? or * to list all spells.
Flames lash Dowan.
Dowan is heavily wounded.
Dowan's fire resistance burns away.
Duvessa closely misses you.
Casting: Scorch (safe; 3% risk of failure)
Confirm with . or Enter, or press ? or * to list all spells.
Flames lash the ball python.
You kill the ball python!
Dowan closely misses you.
Duvessa hits you with a +3 short sword of speed!
* * * LOW HITPOINT WARNING * * *
Dowan hits you with a +0 dagger!
* * * LOW HITPOINT WARNING * * *
You feel better.
Duvessa hits you with a +3 short sword of speed.
* * * LOW HITPOINT WARNING * * *
Dowan closely misses you. Duvessa misses you.
Casting: Scorch (safe; 3% risk of failure)
Confirm with . or Enter, or press ? or * to list all spells.
Flames lash Dowan.
Dowan is burned terribly!
You kill Dowan!
Duvessa weeps, and shakes her weapon.
Duvessa goes berserk!
* * * LOW HITPOINT WARNING * * *
Duvessa is no longer more vulnerable to fire.
Duvessa closely misses you. Duvessa barely misses you.
Casting: Scorch (safe; 3% risk of failure)
Confirm with . or Enter, or press ? or * to list all spells.
Flames lash Duvessa.
Duvessa is moderately wounded.
Duvessa's fire resistance burns away.
* * * LOW HITPOINT WARNING * * *
Duvessa hits you with a +3 short sword of speed!
You die...

#### ### ##..#### ##..
###>..##.#####...
#.#...#..##.#.... ###
##...........#....
##..##.................
#..†.)@.####...........
.......#.e...#......(.....
....#.##..................
.........................#
. .........#.##..........#
...........######......###
##...(.....# #........#
#.........# #......... ##
###........#


You could see Duvessa (berserk, combustible).

Vanquished Creatures
  Dowan (D:4)
  A jelly (D:4)
  An iguana (D:4)
  3 adders (D:3)
  3 worms
  5 dart slugs
  4 orcs (D:4)
  11 ball pythons
  8 endoplasms
  5 giant cockroaches
  7 goblins
  10 hobgoblins
  6 jackals
  4 kobolds
  3 quokkas
  3 bats
  A frilled lizard (D:3)
  4 rats
80 creatures vanquished.

Vanquished Creatures (others)
  139 foxfires
139 creatures vanquished.

Grand Total: 219 creatures vanquished

Notes
Turn   | Place    | Note
-------+----------+-------------------------------------------
     0 | D:1      | Alitron123 the Djinni Fire Elementalist began the quest for
                  | the Orb.
     0 | D:1      | Alitron123 set off with the following spells memorised:
                  | Foxfire, Scorch, Kindle Blastsparks, Inner Flame, Flame
                  | Wave.
     0 | D:1      | Reached XP level 1. HP: 15/15 MP: 0/0
   112 | D:1      | Reached XP level 2. HP: 20/21 MP: 0/0
   220 | D:1      | Reached skill level 3 in Spellcasting
   225 | D:1      | Reached XP level 3. HP: 19/25 MP: 0/0
   225 | D:1      | Learned a level 1 spell: Necrotise
   669 | D:2      | Found Galad's General Store.
   718 | D:2      | Reached XP level 4. HP: 29/31 MP: 0/0
   842 | D:2      | Found a broken altar of Ashenzari.
  1257 | D:3      | Found a shadowy altar of Dithmenos.
  1465 | D:3      | Reached XP level 5. HP: 35/35 MP: 0/0
  1465 | D:3      | Learned a level 2 spell: Ensorcelled Hibernation
  1993 | D:4      | Reached skill level 1 in Evocations
  2061 | D:4      | Found a sparkling altar of Nemelex Xobeh.
  2187 | D:4      | Reached skill level 4 in Spellcasting
  2238 | D:4      | Reached XP level 6. HP: 34/40 MP: 0/0
  2295 | D:4      | Noticed Dowan
  2301 | D:4      | Noticed Duvessa
  2313 | D:4      | Killed Dowan
  2314 | D:4      | Slain by Duvessa

Illustrated notes

Levels and vault maps discovered:
D:1:      minmay_arrival_widening_spiral_wide, layout_rooms
D:2:      layout_basic, serial_shops, nicolae_shop_statue_plus, basic_altar
D:3:      layout_basic, grunt_dithmenos_smoke
D:4:      layout_cave_pools, nemelex_xobeh_ov_fountains_minmay, serial_shops,
          shop, minmay_fractal_squares_gapless_5, uniq_duvessa

Skill      XL: |  1  2  3  4  5 |
---------------+----------------+-----
Spellcasting   | 3 4 |  4.4
Stealth        | 2 |  2.4
Evocations     | 1 |  1.7
Fighting       | |  0.1
Dodging        | |  2.5

Action                   |  1- 3 |  4- 6 || total
-------------------------+-------+-------++-------
Melee: Unarmed           |     3 |       ||     3
 Cast: Foxfire           |    45 |    36 ||    81
       Scorch            |     3 |    29 ||    32
Evoke: Wand              |       |    16 ||    16
  Use: Scroll            |       |     7 ||     7
       Potion            |       |     6 ||     6
Armor: Robe              |     3 |     1 ||     4
Dodge: Dodged            |    11 |    14 ||    25

Table legend: (Time is in decaauts)
 A = Elapsed time spent in this place.
 B = Non-inter-level travel time spent in this place.
 C = Inter-level travel time spent in this place.
 D = Time resting spent in this place.
 E = Time spent auto-exploring this place.
 F = Levels seen in this place.
 G = Mean time per level.
                   A        B        C        D        E       F      G
               +--------+--------+--------+--------+--------+-----+--------+
         Total |   2312 |   2189 |    123 |      0 |   1708 |   4 |  578.0 |
       Dungeon |   2312 |   2189 |    123 |      0 |   1708 |   4 |  578.0 |
               +--------+--------+--------+--------+--------+-----+--------+

Top non-repeatable levels by time:
     D:3: 857 daAuts
     D:1: 611 daAuts
     D:2: 509 daAuts
     D:4: 333 daAuts
